 Dungeon Crawl Stone Soup version 0.20-a0-386-g2d247ea (webtiles) character file.

1254 Kurtz the Poker (level 8, 0/48 HPs)
             Began as a Kobold Gladiator on Dec 30, 2016.
             Slain by an orc warrior
             ... wielding a cursed -3 battleaxe
              (16 damage)
             ... on level 4 of the Dungeon.
             The game lasted 00:11:20 (6086 turns).

Kurtz the Poker (Kobold Gladiator)                  Turns: 6086, Time: 00:11:20

Health: 0/48       AC: 12    Str: 12    XL:     8   Next: 80%
Magic:  8/8        EV: 14    Int:  7    God:
Gold:   224        SH:  0    Dex: 23    Spells: 7/7 levels left

rFire  . . .     SeeInvis .     a - +0 trident
rCold  . . .     Gourm    .     p - +0 chain mail
rNeg   . . .     Faith    .     (shield currently unavailable)
rPois  .         Spirit   .     r - +1 helmet
rElec  .         Reflect  .     (no cloak)
rCorr  .         Harm     .     y - +0 pair of gloves
MR     +....                    (no boots)
Stlth  ..........               (no amulet)
                                (no ring)
                                j - ring of protection from magic

@: agile, very slightly contaminated
A: carnivore 3, dopey 1, sense surroundings 1
a: no special abilities


You were on level 4 of the Dungeon.
You were completely stuffed.

You visited 1 branch of the dungeon, and saw 6 of its levels.
You also visited: Sewer.

You collected 224 gold pieces.

Inventory:

Hand Weapons
 a - a +0 trident (weapon)
Missiles
 k - 5 tomahawks (quivered)
Armour
 b - a +0 leather armour
 c - a +0 helmet
 e - a +0 scale mail
 p - a +0 chain mail (worn)
 r - a +1 helmet (worn)
 y - a +0 pair of gloves (worn)
Jewellery
 j - a ring of protection from magic (left hand)
Wands
 d - a wand of digging (13/24)
 h - a wand of confusion (0/48)
Scrolls
 g - 5 scrolls of remove curse
 i - a scroll of blinking
 m - a scroll of recharging {unknown}
 o - a scroll of teleportation {unknown}
 s - a scroll of amnesia {unknown}
 t - 2 scrolls of enchant weapon {unknown}
 u - a scroll of magic mapping {unknown}
 v - a scroll of fear {unknown}
 x - 2 scrolls of identify
Potions
 l - a potion of heal wounds {unknown}
 z - a potion of might
 A - a potion of haste
Comestibles
 f - 2 meat rations
 n - a beef jerky
 B - 4 chunks of flesh


   Skills:
 + Level 3.9 Fighting
 * Level 7.4 Polearms
 - Level 2.1 Throwing
 * Level 3.6 Armour
 - Level 3.6 Dodging


You had 7 spell levels left.
You didn't know any spells.

Dungeon Overview and Level Annotations

Branches:
Dungeon (6/15)
 Temple: D:4-7

Altars:

Shops:
D:5 :

Annotations:
D:4 Kurtz's ghost, novice KoGl


Innate Abilities, Weirdness & Mutations

You are small and have problems with some larger weapons.
You are carnivorous and can eat meat at any time.
You are dopey. (Int -2)
You passively map a small area around you.


Message History

Throwing (i - inventory):
k - 7 tomahawks (quivered)
Press: ? - help, Shift-Dir - straight line, f - orc warrior
Aim: an orc warrior, wielding a battleaxe and wearing a plate armour (heavily wounded)
You throw a tomahawk. The tomahawk hits the orc warrior.
The orc warrior is heavily wounded.
Throwing (i - inventory):
k - 6 tomahawks (quivered)
Press: ? - help, Shift-Dir - straight line, f/p - orc warrior
Aim: an orc warrior, wielding a battleaxe and wearing a plate armour (heavily wounded)
You throw a tomahawk.
The tomahawk hits the orc warrior but does no damage.
The orc warrior is heavily wounded.
The orc warrior misses you.
You climb upwards.
Level annotation: Kurtz's ghost, novice KoGl
There is a stone staircase leading down here.
The orc warrior barely misses you.
It was a potion of agility.
You feel agile all of a sudden.
The orc warrior hits you with a battleaxe!
You die...

* * *###
,, ..# *
*#.# #.#
#@# ####
#######o#
....,
.......>#
####
#########
* *, , ,
* * * * ,
, , # *
,** , # *
* , ,


You could see an orc warrior.

Vanquished Creatures
  The ghost of jusk the Insei, a novice OpTm (D:5)
  Sigmund (D:2)
  Purgy (Sewer)
  2 ogres (D:5)
  A bullfrog (D:6)
  2 howler monkeys (D:4)
  3 hounds
  An orc priest (D:4)
  A quasit (D:6)
  3 orc wizards
  Robin (D:2)
  8 adders
  A shadow imp (D:4)
  2 worms
  A dart slug (D:1)
  2 leopard geckos (D:2)
  13 orcs
  9 giant cockroaches
  10 hobgoblins
  3 quokkas
  7 ball pythons
  9 bats
  9 frilled lizards
  20 goblins
  A jackal zombie (D:5)
  9 kobolds
  6 rats
127 creatures vanquished.

Notes
Turn   | Place    | Note
-------+----------+-------------------------------------------
     0 | D:1      | Kurtz the Kobold Gladiator began the quest for the Orb.
     0 | D:1      | Reached XP level 1. HP: 12/12 MP: 1/1
   324 | D:1      | Reached XP level 2. HP: 3/17 MP: 2/2
   596 | D:1      | Reached skill level 3 in Polearms
   761 | D:1      | Reached XP level 3. HP: 15/21 MP: 3/3
  1360 | D:2      | Reached XP level 4. HP: 22/27 MP: 4/4
  1388 | D:2      | Noticed Robin
  1424 | D:2      | Killed Robin
  1557 | D:2      | Noticed Sigmund
  1580 | D:2      | Killed Sigmund
  1580 | D:2      | Reached skill level 4 in Polearms
  1580 | D:2      | Reached skill level 1 in Armour
  1580 | D:2      | Reached XP level 5. HP: 19/32 MP: 5/5
  1580 | D:2      | Reached XP level 6. HP: 22/37 MP: 6/6
  1778 | D:2      | Reached skill level 5 in Polearms
  3473 | D:4      | Found a glowing drain.
  3503 | Sewer    | Entered a sewer
  3540 | Sewer    | Noticed Purgy
  3612 | Sewer    | Killed Purgy
  3612 | Sewer    | Reached XP level 7. HP: 18/41 MP: 7/7
  3946 | Sewer    | Gained mutation: You passively map a small area around you. [potion of mutation]
  3946 | Sewer    | Gained mutation: You are dopey. (Int -2) [potion of mutation]
  3946 | Sewer    | Gained mutation: You are weak. (Str -2) [potion of mutation]
  3947 | Sewer    | Lost mutation: You are weak. (Str -2) [potion of beneficial mutation]
  4453 | D:4      | Reached skill level 6 in Polearms
  4643 | D:4      | Noticed Kurtz's ghost (novice KoGl)
  4983 | D:5      | Entered Level 5 of the Dungeon
  5008 | D:5      | Found Qeagosme's Book Boutique.
  5089 | D:5      | Noticed jusk's ghost (novice OpTm)
  5127 | D:5      | HP: 2/41 [hound (2)]
  5134 | D:5      | HP: 2/41 [jusk's ghost (4)]
  5137 | D:5      | Killed jusk's ghost
  5137 | D:5      | Reached XP level 8. HP: 5/47 MP: 8/8
  5752 | D:5      | Reached skill level 7 in Polearms
  6086 | D:4      | Slain by an orc warrior

Vault maps used:
D:1:      dpeg_arrival_shrine
D:2:      lemuel_upstairs_altar, first_bread, minmay_pentomino_q2, uniq_sigmund,
          uniq_robin
D:4:      portal_sewer_entry_c
D:5:      serial_shops, shop, eino_tiny_chamber, uniq_prince_ribbit1
Sewer:    sewer_co_purgy_island

Skill      XL: |  1  2  3  4  5  6  7  8 |
---------------+-------------------------+-----
Polearms       | 3 4 5 6 7 |  7.4
Fighting       | 3 |  3.9
Armour         | 1 3 |  3.6
Throwing       | |  2.1
Dodging        | |  3.6

Action                   |  1- 3 |  4- 6 |  7- 9 || total
-------------------------+-------+-------+-------++-------
Melee: Trident           |   127 |   286 |   244 ||   657
Throw: Throwing net      |     1 |     2 |     1 ||     4
       Tomahawk          |       |       |    12 ||    12
Evoke: Wand              |       |       |    10 ||    10
  Use: Potion            |       |     3 |     7 ||    10
       Scroll            |       |     2 |     2 ||     4
 Stab: Held in net/web   |       |     1 |     3 ||     4
       Confused          |       |       |     3 ||     3
  Eat: Chunk             |     9 |     8 |     9 ||    26
Armor: Leather armour    |     7 |       |       ||     7
       Scale mail        |    24 |       |       ||    24
       Chain mail        |    18 |   191 |   132 ||   341
Dodge: Dodged            |    72 |   156 |    83 ||   311
